 Dungeon Crawl Stone Soup version 0.29.1-13-g9f3cf754e1 (webtiles) character file.

Game seed: 13998977698574186985

27 Ayven the Scratcher (level 2, 0/12 HPs)
             Began as a Felid Transmuter on Feb 9, 2023.
             Succumbed to an adder's poison
             ... on level 2 of the Dungeon.
             The game lasted 00:03:57 (1426 turns).

Ayven the Scratcher (Felid Transmuter)              Turns: 1426, Time: 00:03:57

Health: 0/12       AC:  1    Str:  6    XL:     2   Next: 93%
Magic:  5/6        EV: 17    Int: 14    God:
Gold:   68         SH:  0    Dex: 16    Spells: 4/5 levels left
                                        Lives:  0   Deaths: 0

rFire   . . .      SeeInvis +     - Unarmed
rCold   . . .      Faith    .   (shield unavailable)
rNeg    . . .      Spirit   .   (body armour unavailable)
rPois   .          Reflect  .   (helmet unavailable)
rElec   .          Harm     .   (cloak unavailable)
rCorr   .          Rampage  .   (gloves unavailable)
Will    .....                   (boots unavailable)
Stlth   ++........              (no amulet)
HPRegen 0.04/turn               (no ring)
MPRegen 0.10/turn               (no ring)

@: lethally poisoned (0 -> -8), appendages (expiring), quick
A: horns 2, very small, claws 1, fangs 3, see invisible, speed 1, shaggy fur 1,
stealthy paws, no weapons or thrown items, no armour, multi-lived
a: End Transformation


You were on level 2 of the Dungeon.
You had temporarily grown beastly horns.
You visited 1 branch of the dungeon, and saw 2 of its levels.

You collected 68 gold pieces.

Inventory:

Magical Staves
 m - a staff of cold
Scrolls
 b - 6 scrolls of identify {unknown}
 c - a scroll of amnesia {unknown}
 d - 2 scrolls of enchant weapon {unknown}
 e - a scroll of teleportation {unknown}
 f - a scroll of summoning {unknown}
 j - a scroll of magic mapping {unknown}
 k - a scroll of immolation {unknown}
 l - a scroll of enchant armour {unknown}
Potions
 a - 2 potions of lignification
 g - a potion of might {unknown}
 h - a potion of invisibility {unknown}
 i - a potion of curing {unknown}
 n - a potion of degeneration {unknown}


   Skills:
 + Level 1.0 Fighting
 + Level 3.1 Dodging
 + Level 0.2 Stealth
 + Level 3.5 Unarmed Combat
 + Level 2.2 Spellcasting
 + Level 2.5 Transmutations


You had 4 spell levels left.
You knew the following spells:

 Your Spells              Type           Power      Damage    Failure   Level
a - Beastly Appendage     Tmut           16%        N/A       9%          1

Your spell library contained the following spells:

 Spells                   Type           Power      Damage    Failure   Level
 Wereblood                Tmut           8%         N/A       13%         2
 Foxfire                  Conj/Fire      4%         2x1d4     24%         1
 Spider Form              Tmut/Pois      5%         N/A       38%         3
 Conjure Flame            Conj/Fire      1%         6-21      56%         3
 Inner Flame              Hex/Fire       1%         N/A       56%         3
 Ice Form                 Ice/Tmut       5%         N/A       80%         4
 Flame Wave               Conj/Fire      1%         2d4       93%         4


Dungeon Overview and Level Annotations

Branches:
Dungeon (2/15)

Altars:

Annotations:
D:2 Sigmund


Innate Abilities, Weirdness & Mutations

You have temporarily grown beastly horns.
You have sharp claws.
You have razor-sharp teeth.
You have supernaturally acute eyesight. (SInv)
You cover ground quickly. (Speed+)
You are covered in fur. (AC +1)
Your paws help you pounce on unaware monsters.
You are incapable of wielding weapons or throwing items.
You cannot wear armour.
You gain extra lives every three experience levels.


Message History

HP restored.
Sigmund and a goblin come into view.
Unknown command.
There is a stone staircase leading up here.
Things that are here:
a +0 dagger; a frilled lizard corpse You see here 4 stones.
Found 14 gold pieces.
Found a stone staircase leading up.
n - a white potion
Found 8 gold pieces.
You now have 60 gold pieces (gained 14).
You now have 68 gold pieces (gained 8).
Unknown command.
Unknown command.
Unknown command.
An adder comes into view.
You grow a pair of large bovine horns.
The adder hisses angrily.
The adder completely misses you.
You scratch the adder but do no damage. You claw the adder, but do no damage.
The adder bites you.
You are poisoned.
The adder poisons you!
You barely miss the adder. Your headbutt misses the adder.
Your transformation is almost over.
You feel sick. The adder closely misses you.
You completely miss the adder. Your headbutt misses the adder.
You feel sick. The adder bites you but does no damage.
You barely miss the adder. Your claw misses the adder. You bite the adder.
The adder is lightly wounded.
You feel sick. The adder misses you. The adder bites you.
You scratch the adder but do no damage.
The adder is lightly wounded.
You feel sick. The adder bites you.
* * * LOW HITPOINT WARNING * * *
You are lethally poisoned!
The adder poisons you! The adder attacks as you move away!
The adder barely misses you.
You die...

.. .. . .# # .#.# ..
# ...# ... #. #..#
.... #..##..#.....
#.....S...... #.#
####@# ####....###..
#..............
#.##.##.###.#..
##.##.##.###.#.
##..............
#####..#####..###<..
#.....8.###.8..#
#.#..#.8.#.8.#.....


You could see an adder.

Vanquished Creatures
  A worm (D:2)
  2 endoplasms
  A giant cockroach (D:1)
  2 goblins
  2 hobgoblins (D:1)
  2 kobolds (D:1)
  A quokka (D:1)
  5 ball pythons
  A frilled lizard (D:2)
  6 rats
23 creatures vanquished.

Notes
Turn   | Place    | Note
-------+----------+-------------------------------------------
     0 | D:1      | Ayven the Felid Transmuter began the quest for the Orb.
     0 | D:1      | Reached XP level 1. HP: 9/9 MP: 4/4
   356 | D:1      | Reached XP level 2. HP: 12/12 MP: 4/6
   819 | D:1      | Found a faded altar of an unknown god.
  1376 | D:2      | Noticed Sigmund
  1426 | D:2      | Succumbed to an adder's poison

Illustrated notes

Levels and vault maps discovered:
D:1:      dpeg_arrival_rooms_b, layout_basic,
          shapermc_ecumenical_altar_totnotflames, minivault_5
D:2:      layout_loops_cross, minmay_circle_x, uniq_sigmund, uniq_jessica

Skill      XL: |  1  2 |
---------------+-------+-----
Dodging        | 3 |  3.1
Fighting       | |  1.0
Stealth        | |  0.2
Unarmed Combat | |  3.5
Spellcasting   | |  2.2
Transmutations | |  2.5

Action                   || total
-------------------------++-------
Melee: Unarmed           ||    47
       Headbutt          ||     5
       Bite              ||     5
       Punch             ||     1
 Cast: Beastly Appendage ||    12
 Stab: Sleeping          ||     2
Armor: Skin              ||     1
Dodge: Dodged            ||    31
